 Dungeon Crawl Stone Soup version 0.29.0-11-gd7f09526c8 (webtiles) character file.

Game seed: 5856229495988725407

9 greasedhog the Sneak (level 2, -2/15 HPs)
             Began as a Kobold Hedge Wizard on Sept 6, 2022.
             Slain by a goblin
             ... wielding a +0 dagger
             ... led by Robin
              (4 damage)
             ... on level 1 of the Dungeon.
             The game lasted 00:01:02 (985 turns).

greasedhog the Sneak (Kobold Hedge Wizard)           Turns: 985, Time: 00:01:03

Health: -2/15      AC:  2    Str:  7    XL:     2   Next: 20%
Magic:  6/6        EV: 14    Int: 15    God:
Gold:   56         SH:  5    Dex: 14    Spells: 4/7 levels left

rFire   . . .      SeeInvis .   a - +0 dagger
rCold   . . .      Faith    .   (no shield)
rNeg    . . .      Spirit   .   b - +0 robe
rPois   .          Reflect  +   c - +0 hat
rElec   .          Harm     .   (no cloak)
rCorr   .          Rampage  .   (no gloves)
Will    .....                   (no boots)
Stlth   +++.......              f - amulet of reflection
HPRegen 0.05/turn               (no ring)
MPRegen 0.10/turn               (no ring)

@: brilliant, attractive, flying, hasted, very quick
A: small, no large weapons, nightstalker 3
a: no special abilities


You were on level 1 of the Dungeon.
You visited 1 branch of the dungeon, and saw 2 of its levels.

You collected 56 gold pieces.

Inventory:

Hand Weapons
 a - a +0 dagger (weapon)
Armour
 b - a +0 robe (worn)
 c - a +0 hat (worn)
Jewellery
 f - an amulet of reflection (around neck)
Scrolls
 i - a scroll of butterflies {unknown}
Potions
 d - a potion of magic


   Skills:
 * Level 1.5 Short Blades
 - Level 2.4 Dodging
 * Level 3.3 Stealth
 - Level 3.2 Spellcasting
 - Level 1.0 Conjurations
 - Level 1.0 Summonings
 - Level 1.0 Translocations


You had 4 spell levels left.
You knew the following spells:

 Your Spells              Type           Power      Damage    Failure   Level
a - Magic Dart            Conj           32%        1d4       13%         1
b - Blink                 Tloc           16%        N/A       21%         2

Your spell library contained the following spells:

 Spells                   Type           Power      Damage    Failure   Level
 Slow                     Hex            12%        N/A       21%         1
 Call Imp                 Summ           8%         N/A       21%         2
 Conjure Flame            Conj/Fire      5%         6-21      43%         3
 Mephitic Cloud           Conj/Pois/Air  5%         N/A       45%         3
 Anguish                  Hex/Necr       1%         N/A       89%         4
 Enfeeble                 Hex            1%         N/A       100%        7


Dungeon Overview and Level Annotations

Branches:
Dungeon (2/15)

Altars:

Shops:
D:1 :

Annotations:
D:2 Robin


Innate Abilities, Weirdness & Mutations

You are small and have problems with some larger weapons.
You are completely attuned to the shadows.


Message History

You hear a shout!
The goblin shouts!
The hobgoblin shouts!
You hear a shout!
The hobgoblin shouts!
Found 12 gold pieces.
There is a stone staircase leading up here.
There are monsters nearby!
The hobgoblin misses you. You block the goblin's attack.
Robin says, "Kneel, worm!"
Robin roars a battlecry!
The goblins go into a battle-frenzy!
The goblin shouts!
You climb upwards.
There is a stone staircase leading down here.
You barely miss the goblin. The hobgoblin attacks as you move away!
The hobgoblin barely misses you. You block the goblin's attack.
The goblin attacks as you move away! The goblin hits you with a +0 dagger.
The hobgoblin attacks as you move away! The hobgoblin hits you.
The goblin attacks as you move away! The goblin hits you with a +0 dagger.
* * * LOW HITPOINT WARNING * * *
It was a potion of attraction.
You feel attractive to monsters. The goblin barely misses you.
It was a potion of haste.
You feel yourself speed up. You block the goblin's attack.
The hobgoblin no longer looks unusually strong.
The goblin is attracted toward you. The hobgoblin is attracted toward you.
The goblin is attracted toward you.
The goblin no longer looks unusually strong.
The hobgoblin is attracted toward you. The goblin is attracted toward you.
The hobgoblin is attracted toward you.
It was a potion of brilliance.
You feel clever all of a sudden.
It was a potion of flight.
You feel very buoyant.
You fly up into the air.
The goblin hits you with a +0 dagger.
* * * LOW HITPOINT WARNING * * *
You hit the goblin.
The goblin is moderately wounded.
The goblin hits you with a +0 dagger.
You die...

#.#..# #.##.# #.# #.#.
##.#..###.##.# #§# #...
.......##.##.# #§# #..#
...#...##.##.# #.# #.##
####...##.##.# #.#######.#
#.........# #####§........#
###.####### #.............#
#...##########.#####.....####
#..........)@gg# #.........
#...############ ##########
#####


You could see a hobgoblin and a goblin.

Vanquished Creatures
  A bat (D:1)
  2 goblins (D:1)
  A hobgoblin (D:1)
  A kobold (D:1)
  A quokka (D:1)
  A frilled lizard (D:1)
7 creatures vanquished.

Notes
Turn   | Place    | Note
-------+----------+-------------------------------------------
     0 | D:1      | greasedhog the Kobold Hedge Wizard began the quest for the
                  | Orb.
     0 | D:1      | Reached XP level 1. HP: 10/10 MP: 4/4
     3 | D:1      | Found a faded altar of an unknown god.
   248 | D:1      | Reached skill level 1 in Short Blades
   541 | D:1      | Reached XP level 2. HP: 15/15 MP: 1/6
   614 | D:1      | Found Imno's Book Shop.
   620 | D:1      | Learned a level 2 spell: Blink
   959 | D:2      | Noticed Robin
   985 | D:1      | Slain by a goblin

Illustrated notes

Levels and vault maps discovered:
D:1:      minmay_arrival_stone_box, layout_loops_ring,
          ebering_ecumenical_altar_ruins, serial_shops,
          nicolae_shop_window_shopping, corexii_corridor_pit
D:2:      layout_basic, serial_forest, infiniplex_forest_lined_3,
          infiniplex_forest_lined_room_2, infiniplex_forest_lined_room_,
          infiniplex_forest_clump_tiny, kennysheep_small_spiral, uniq_robin,
          uniq_natasha

Skill      XL: |  1 |
---------------+----+-----
Stealth        | 3 |  3.3
Short Blades   | 1 |  1.5
Dodging        | |  2.4
Spellcasting   | |  3.2
Conjurations   | |  1.0
Summonings     | |  1.0
Translocations | |  1.0

Action                   || total
-------------------------++-------
Melee: Dagger            ||    13
 Cast: Magic Dart        ||     7
  Use: Scroll            ||     1
       Potion            ||     4
 Stab: Sleeping          ||     1
Armor: Robe              ||     2
Dodge: Dodged            ||     7
Block: Other             ||     3
